 Dungeon Crawl Stone Soup version 0.30-a0-779-g7971cf19c3 (webtiles) character file.

Game seed: 3021584257935866839

64400 KennySheep the Tainter (level 15, -2/136 HPs)
             Began as a Naga Venom Mage on Feb 10, 2023.
             Was the Champion of Makhleb.
             Killed by the raging water
             ... invoked by a water nymph
              (31 damage)
             ... on level 1 of the Shoals on Feb 18, 2023.
             The game lasted 01:46:39 (20857 turns).

KennySheep the Tainter (Naga Venom Mage)           Turns: 20857, Time: 01:46:40

Health: -2/136     AC: 10    Str: 11    XL:     15   Next: 12%
Magic:  32/36      EV: 13    Int: 26    God:    Makhleb [******]
Gold:   361        SH:  0    Dex: 19    Spells: 9/31 levels left

rFire   + . .      SeeInvis +    b - +10 arbalest of Sharkskin {freeze, rPois rN+ MP+9 Dex+5}
rCold   + + .      Faith    .    (shield currently unavailable)
rNeg    + . .      Spirit   .    P - +2 robe {rC+ rF+}
rPois   +          Reflect  .    d - +0 mask of the Dragon {Will+ Slay+3 SInv}
rElec   +          Harm     .    R - +0 cloak {Stlth+}
rCorr   .          Rampage  .    Q - +0 pair of gloves "Ilakkog" {rElec}
Will    +++..                    (no barding)
Stlth   ++++                     l - amulet of magic regeneration
HPRegen 0.42/turn                m - ring of willpower
MPRegen 0.65/turn                r - +6 ring of intelligence

@: radiating poison, very slow
A: AC +5, large, see invisible, deformed body, poison resistance, slowness 2,
spit poison 1, naga tail 2, cold resistance 1, wild magic 1
a: Spit Poison, Renounce Religion, Minor Destruction, Lesser Servant of Makhleb,
Major Destruction, Greater Servant of Makhleb


You were on level 1 of the Shoals.
You worshipped Makhleb.
Makhleb was exalted by your worship.
You visited 5 branches of the dungeon, and saw 19 of its levels.
You also visited: Bailey and Ice Cave.

You collected 1986 gold pieces.
You spent 1625 gold pieces at shops.

Inventory:

Hand Weapons
 a - a +2 demon whip of pain
 b - the +10 arbalest of Sharkskin (weapon) {freeze, rPois rN+ MP+9 Dex+5}
   (You found it on level 4 of the Lair of Beasts)

   Dex:       It affects your dexterity (+5).
   rPois:     It protects you from poison.
   rN:        It protects you from negative energy.
   MP:        It affects your magic capacity (+9).
 L - the +8 demon blade of Honour {flame, rElec Str+2}
   (You took it off a gnoll bouda in a bailey)

   Str:       It affects your strength (+2).
   rElec:     It insulates you from electricity.
Missiles
 e - 37 poisoned darts
 x - 14 throwing nets
Armour
 d - the +0 mask of the Dragon (worn) {Will+ Slay+3 SInv}
   (You bought it in a shop on level 2 of the Orcish Mines)

   Slay:      It affects your accuracy & damage with ranged weapons and melee
   (+3).
   SInv:      It lets you see invisible.
   Will:      It increases your willpower.
 P - a +2 robe of resistance (worn)
 Q - the +0 pair of gloves "Ilakkog" (worn) {rElec}
   (You bought it in a shop on level 2 of the Orcish Mines)

   rElec:     It insulates you from electricity.
 R - a +0 cloak of stealth (worn)
Jewellery
 l - an amulet of magic regeneration (around neck)
 m - a ring of willpower (left hand)
 r - a +6 ring of intelligence (right hand)
 T - an amulet of guardian spirit
Wands
 k - a wand of polymorph (6)
 y - a wand of acid (12)
 F - a wand of digging (6)
 M - a wand of flame (34)
 O - a wand of roots (7)
 S - a wand of paralysis (8)
Scrolls
 h - 3 scrolls of fear
 i - 5 scrolls of blinking
 n - 5 scrolls of immolation
 p - 6 scrolls of poison
 q - 3 scrolls of enchant armour
 s - 9 scrolls of teleportation
 t - a scroll of magic mapping
 u - 3 scrolls of noise
 B - a scroll of brand weapon
 C - 3 scrolls of amnesia
 D - 2 scrolls of silence
 E - a scroll of identify
 G - 2 scrolls of fog
 H - a scroll of summoning
 J - 2 scrolls of vulnerability
Potions
 c - a potion of ambrosia
 f - 3 potions of cancellation
 g - 2 potions of attraction
 j - a potion of lignification
 o - a potion of degeneration
 v - 2 potions of mutation
 w - 2 potions of might
 z - 5 potions of brilliance
 A - 2 potions of flight
 I - 8 potions of curing
 K - 3 potions of heal wounds
 N - a potion of invisibility
 U - a potion of berserk rage
 V - a potion of magic


   Skills:
 - Level 9.4 Fighting
 - Level 8.7 Maces & Flails
 * Level 5.3 Ranged Weapons
 - Level 5.2 Armour
 - Level 5.6 Dodging
 - Level 4.9 Stealth
 - Level 8.7 Spellcasting
 - Level 9.5 Conjurations
 - Level 9.2 Necromancy
 - Level 1.4 Transmutations
 - Level 9.6 Fire Magic
 - Level 12.3 Poison Magic


You had 9 spell levels left.
You knew the following spells:

 Your Spells              Type           Power      Damage    Failure   Level
a - Sublimation of Blood  Necr           67%        N/A       1%          2
b - Ignite Poison         Fire/Tmut/Pois 61%        N/A       1%          3
c - Mephitic Cloud        Conj/Pois/Air  59%        N/A       1%          3
d - Olgreb's Toxic Radia  Pois           78%        N/A       1%          4
e - Blink                 Tloc           28%        N/A       12%         2
f - Sticky Flame          Conj/Fire      68%        2d8       2%          4
g - Passwall              Tmut/Erth      15%        N/A       10%         2
h - Momentum Strike       Conj/Tloc      94%        3d10      2%          2

Your spell library contained the following spells:

 Spells                   Type           Power      Damage    Failure   Level
 Sting                    Tmut/Pois      100%       1d8       1%          1
 Poisonous Vapours        Pois/Air       100%       N/A       1%          2
 Spider Form              Tmut/Pois      57%        N/A       1%          3
 Beastly Appendage        Tmut           48%        N/A       5%          1
 Wereblood                Tmut           24%        N/A       7%          2
 Summon Small Mammal      Summ           56%        N/A       9%          1
 Ensorcelled Hibernation  Hex/Ice        28%        N/A       12%         2
 Lesser Beckoning         Tloc           28%        N/A       12%         2
 Call Canine Familiar     Summ           14%        N/A       22%         3
 Frozen Ramparts          Ice            28%        1d5       22%         3
 Summon Guardian Golem    Hex/Summ       14%        N/A       22%         3
 Swiftness                Air            14%        N/A       22%         3
 Irradiate                Conj/Tmut      25%        3d20      22%         5
 Lightning Bolt           Conj/Air       23%        1d39      28%         5
 Ice Form                 Ice/Tmut       19%        N/A       45%         4
 Petrify                  Tmut/Erth      19%        N/A       45%         4
 Airstrike                Air            7%         2d(1-17)  54%         4
 Passage of Golubria      Tloc           14%        N/A       54%         4
 Summon Ice Beast         Ice/Summ       14%        N/A       54%         4
 Summon Lightning Spire   Summ/Air       14%        N/A       54%         4
 Silence                  Hex/Air        7%         N/A       87%         5
 Ignition                 Fire           34%        3d10      100%        8
 Lehudib's Crystal Spear  Conj/Erth      23%        10d7      100%        8


Dungeon Overview and Level Annotations

Branches:
Dungeon (11/15)            Temple (0/1) D:6            Lair (4/5) D:10
 Shoals (1/4) Lair:2        Snake (0/4) Lair:2          Orc (2/2) D:10
    Elf (1/3) Orc:2        Bailey (visited)           IceCv (visited)
  Slime: Lair:4-5

Altars:
Cheibriados
Kikubaaqudgha
Makhleb
Qazlal

Shops:
D:2 [   D:11 *   Orc:1 [   Orc:2 ([=*

Annotations:
Shoals:1 2 runed translucent doors


Innate Abilities, Weirdness & Mutations

Your serpentine skin is tough. (AC +5)
You have supernaturally acute eyesight. (SInv)
Armour fits poorly on your strangely shaped body.
Your system is resistant to poisons. (rPois)
You cover ground very slowly.
You can spit poison.
You can use your snake-like lower body to constrict enemies.
Your flesh is cold resistant. (rC+)
Your spells are a little harder to cast, but a little more powerful.


Message History

The merfolk avatar chants a haunting song.
You resist with almost no effort.
Casting: Olgreb's Toxic Radiance (mildly dangerous; 1% risk of failure)
Confirm with . or Enter, or press ? or * to list all spells.
You begin to radiate toxic energy.
The water nymph is poisoned.
The merfolk aquamancer is poisoned.
The merfolk looks as sick as possible!
The water nymph looks even sicker.
The merfolk aquamancer looks as sick as possible!
The merfolk looks as sick as possible!
The merfolk avatar looks even sicker.
The merfolk aquamancer hits the plant with a +2 rapier of draining!
The plant begins to die.
The merfolk aquamancer drains the plant.
The water nymph touches you. The water nymph drowns you!
A snapping turtle comes into view.
The water elemental hits the plant.
The plant begins to die.
The water elemental engulfs the plant in water!
The merfolk avatar chants a haunting song.
You resist with almost no effort.
The merfolk hits the plant with a +0 trident!
Casting: Olgreb's Toxic Radiance (mildly dangerous; 1% risk of failure)
Confirm with . or Enter, or press ? or * to list all spells.
Okay, then.
The water nymph looks even sicker.
The merfolk aquamancer looks as sick as possible!
The merfolk aquamancer looks even sicker.
The merfolk looks as sick as possible!
The snapping turtle hisses angrily.
The snapping turtle is poisoned.
Splash!
You fall into the shallow water.
The water nymph casts a spell at you. The water swirls and strikes you!!
* * * LOW HITPOINT WARNING * * *
The water elemental hits the plant!
The merfolk aquamancer gestures wildly while chanting.
The merfolk aquamancer blinks!
The merfolk hits the plant with a +0 trident!
The water nymph gestures at you while chanting.
The water swirls and strikes you!!
You die...

≈≈≈≈~~~~~.........##
≈≈≈≈~~~.......~...#
≈≈≈≈≈~~~~.....~........
≈≈≈≈≈~~~~~....##.......
≈≈≈≈≈≈~~~~....# ...m.$~
≈≈≈≈≈~~~~..#### .....#.
≈≈≈≈≈~~~~.## .~?~~~~
≈≈≈≈≈≈~~~..#####.§m~#~~
≈≈≈≈≈≈~~~PP..@mPEPE~~~~
≈≈≈≈≈≈~PPPP~~m~Pm.~#~
≈≈≈≈≈≈~PPPP~PPP~~~~~~
≈≈≈≈≈≈≈≈~PP~~~~P~~~#~
≈≈≈≈≈≈≈≈≈P~..~~P..~~~
≈≈≈≈≈≈≈≈≈PP~.......~~
≈≈≈≈≈≈≈≈P~~.#...t..~
≈≈~~~≈≈~~.........~
H~~~~P~|.........~


You could see a merfolk aquamancer (extremely poisoned), a snapping turtle (very
poisoned), a merfolk (extremely poisoned), 2 water elementals and 2 water
nymphs.

Vanquished Creatures
  An orc warlord (Orc:1)
  An ettin (Orc:2)
  Josephine (Lair:3)
  A merfolk impaler (Shoals:1)
  A boulder beetle (Lair:4)
  Harold (D:9)
  3 hydras
  2 centaur warriors
  5 two-headed ogres (D:11)
  10 death yaks
  An orc high priest (Orc:2)
  Nergalle (Lair:1)
  Sonja (D:11)
  2 skysharks
  A sea snake (Shoals:1)
  A deep elf zephyrmancer (Orc:2)
  Pikel (D:6)
  6 orc knights
  A deep elf pyromancer (D:10)
  2 fauns (Shoals:1)
  5 orc sorcerers
  5 cyclopes
  15 elephants
  2 black mambas
  3 merfolk sirens (Shoals:1)
  Maurice (Orc:2)
  A torpor snail (Lair:4)
  8 cane toads
  2 water nymphs (Shoals:1)
  2 rime drakes
  Psyche (D:8)
  6 komodo dragons
  4 kobold demonologists
  2 gargoyles
  4 trolls
  5 merfolk (Shoals:1)
  2 wind drakes (Shoals:1)
  A polar bear (Lair:2)
  A hornet (D:9)
  3 blink frogs (Lair:3)
  2 dream sheep (Shoals:1)
  A culicivora (shapeshifter) (D:9)
  2 shadows
  An air elemental (Orc:2)
  4 wraiths
  5 wyverns
  18 yaks
  4 basilisks
  A water elemental (Shoals:1)
  A steam dragon (D:10)
  15 wargs
  Menkaure (D:7)
  An acid dragon (D:11)
  10 water moccasins
  A black bear (D:5)
  35 orc warriors
  An ice beast (D:7)
  8 ogres
  19 wolves
  13 centaurs
  A lemure (D:6)
  3 kobold brigands
  14 gnoll sergeants
  9 bullfrogs
  A necrophage (D:6)
  2 scorpions
  2 wights (D:9)
  5 killer bees (D:9)
  An elephant simulacrum (Lair:1)
  8 howler monkeys
  3 electric eels (Lair:3)
  3 hounds
  A jelly (D:5)
  21 orc priests
  7 gnoll boudas
  2 iguanas (D:6)
  A polar bear simulacrum (Lair:1)
  17 orc wizards
  A hell rat (Lair:4)
  5 adders
  33 gnolls
  A white imp (D:8)
  43 orcs
  8 endoplasms
  2 giant cockroaches
  12 goblins
  3 hobgoblins (D:1)
  2 jackals (D:5)
  10 kobolds
  3 quokkas
  10 ball pythons
  10 bats
  7 frilled lizards
  4 rats
514 creatures vanquished.

Vanquished Creatures (others)
  25 fungi
  72 plants
97 creatures vanquished.

Grand Total: 611 creatures vanquished

Notes
Turn   | Place    | Note
-------+----------+-------------------------------------------
     0 | D:1      | KennySheep the Naga Venom Mage began the quest for the Orb.
     0 | D:1      | Reached XP level 1. HP: 15/15 MP: 3/3
   241 | D:1      | Reached XP level 2. HP: 19/22 MP: 0/5
   785 | D:1      | Reached XP level 3. HP: 28/28 MP: 3/6
  1528 | D:2      | Learned a level 3 spell: Mephitic Cloud
  1531 | D:2      | Found a burning altar of Makhleb.
  1539 | D:2      | Became a worshipper of Makhleb the Destroyer
  2102 | D:2      | Reached skill level 5 in Poison Magic
  2244 | D:2      | Found Ywevuusi's Antique Armour Emporium.
  2410 | D:2      | Reached XP level 4. HP: 22/36 MP: 2/7
  2659 | D:2      | Bought an ichor-stained robe for 85 gold pieces
  2659 | D:2      | Identified the +1 robe of Hide-and-Seek {rElec rPois rC-
                  | rCorr} (You bought it in a shop on level 2 of the Dungeon)
  2743 | D:3      | Reached skill level 6 in Poison Magic
  2743 | D:3      | Reached XP level 5. HP: 16/42 MP: 6/9
  2842 | D:3      | Learned a level 4 spell: Olgreb's Toxic Radiance
  3016 | D:3      | Reached * piety under Makhleb
  3418 | D:4      | Noticed an ogre
  3425 | D:4      | Killed an ogre
  3426 | D:4      | Reached skill level 7 in Poison Magic
  3426 | D:4      | Reached XP level 6. HP: 45/49 MP: 3/11
  3783 | D:4      | Reached skill level 8 in Poison Magic
  3783 | D:4      | Reached XP level 7. HP: 55/55 MP: 4/13
  3881 | D:5      | Entered Level 5 of the Dungeon
  4225 | D:5      | Reached skill level 9 in Poison Magic
  4647 | D:5      | Reached XP level 8. HP: 62/62 MP: 6/15
  5050 | D:6      | Found a staircase to the Ecumenical Temple.
  5077 | D:6      | Reached skill level 5 in Spellcasting
  5077 | D:6      | Reached skill level 10 in Poison Magic
  5596 | D:6      | Noticed Pikel
  5602 | D:6      | Killed Pikel
  5603 | D:6      | Reached skill level 11 in Poison Magic
  5674 | D:6      | Reached skill level 12 in Poison Magic
  5676 | D:6      | Reached XP level 9. HP: 69/69 MP: 9/18
  5676 | D:6      | Reached ** piety under Makhleb
  5698 | D:6      | Reached skill level 1 in Fighting
  5719 | D:6      | Learned a level 3 spell: Ignite Poison
  5724 | D:6      | Learned a level 4 spell: Sticky Flame
  5877 | D:7      | Noticed Menkaure
  5912 | D:7      | Killed Menkaure
  5913 | D:7      | Reached skill level 1 in Conjurations
  5913 | D:7      | Reached skill level 1 in Fire Magic
  5958 | D:7      | Identified a scroll of acquirement
  5960 | D:7      | Acquired a +2 demon whip of pain
  6233 | D:7      | Reached skill level 1 in Necromancy
  7216 | D:8      | Noticed Psyche
  7226 | D:8      | Killed Psyche
  7291 | D:8      | Learned a level 2 spell: Blink
  7315 | D:8      | Reached XP level 10. HP: 73/84 MP: 17/20
  7578 | D:9      | Reached *** piety under Makhleb
  7610 | D:9      | Found a flagged portal.
  7618 | Bailey   | Entered a bailey
  7697 | Bailey   | Reached skill level 1 in Maces & Flails
  7781 | Bailey   | Identified the +8 demon blade of Honour {flame, rElec
                  | Str+2}
  7889 | Bailey   | Reached skill level 5 in Fire Magic
  7941 | Bailey   | Reached skill level 5 in Conjurations
  8325 | D:9      | Reached **** piety under Makhleb
  8434 | D:9      | Noticed Harold
  8443 | D:9      | Killed Harold
  9008 | D:9      | Noticed a centaur warrior
  9126 | D:9      | Learned a level 2 spell: Passwall
  9141 | D:10     | Entered Level 10 of the Dungeon
  9200 | D:10     | Noticed a kobold demonologist
  9207 | D:10     | Killed a kobold demonologist
  9208 | D:10     | Reached XP level 11. HP: 45/93 MP: 13/22
  9484 | D:9      | Learned a level 2 spell: Momentum Strike
  9507 | D:10     | Noticed a cyclops
  9517 | D:10     | Killed a cyclops
  9580 | D:10     | Noticed a deep elf pyromancer
  9587 | D:10     | Found an ancient bone altar of Kikubaaqudgha.
  9725 | D:10     | Killed a deep elf pyromancer
  9922 | D:10     | Found a staircase to the Orcish Mines.
  9925 | D:10     | Found a staircase to the Lair.
 10089 | D:10     | Found a stormy altar of Qazlal.
 10112 | D:10     | Reached skill level 5 in Fighting
 10167 | D:10     | Noticed a cyclops
 10174 | D:10     | Killed a cyclops
 10378 | D:10     | Found a snail-covered altar of Cheibriados.
 10740 | Orc:1    | Entered Level 1 of the Orcish Mines
 10742 | Orc:1    | Noticed an orc knight
 10750 | Orc:1    | Killed an orc knight
 10780 | Orc:1    | Noticed an orc sorcerer
 10783 | Orc:1    | Paralysed by an orc sorcerer for 3 turns
 10786 | Orc:1    | Killed an orc sorcerer
 10789 | Orc:1    | Reached ***** piety under Makhleb
 10802 | Orc:1    | Reached skill level 5 in Necromancy
 10938 | Orc:1    | Found Fagedwus's Armour Shoppe.
 11111 | Orc:2    | Entered Level 2 of the Orcish Mines
 11111 | Orc:2    | Found a staircase to the Elven Halls.
 11132 | Orc:2    | Noticed Maurice
 11133 | Orc:2    | Noticed an orc knight
 11137 | Orc:2    | Noticed an orc sorcerer
 11138 | Orc:2    | Killed Maurice
 11138 | Orc:2    | Killed an orc knight
 11139 | Orc:2    | Reached XP level 12. HP: 103/103 MP: 9/24
 11264 | Orc:2    | Paralysed by an orc sorcerer for 3 turns
 11542 | Orc:2    | Noticed an orc warlord
 11552 | Orc:1    | Killed an orc warlord
 11827 | Orc:2    | Reached skill level 5 in Maces & Flails
 11870 | Orc:2    | Found Jaumy's Antique Armour Emporium.
 11878 | Orc:2    | Bought a pair of scorched gloves for 266 gold pieces
 11878 | Orc:2    | Identified the +0 pair of gloves "Ilakkog" {rElec} (You
                  | bought it in a shop on level 2 of the Orcish Mines)
 11878 | Orc:2    | Bought an embroidered cloak for 210 gold pieces
 12133 | Orc:2    | Found Mawaf's Antique Weapon Emporium.
 12141 | Orc:2    | Bought a bone morningstar for 333 gold pieces
 12141 | Orc:2    | Identified the +1 morningstar of Classification {heavy,
                  | Str+7} (You bought it in a shop on level 2 of the Orcish
                  | Mines)
 12235 | Orc:2    | Noticed an ettin
 12245 | Orc:2    | Killed an ettin
 12364 | Orc:2    | Noticed an orc high priest
 12374 | Orc:2    | Killed an orc high priest
 12467 | Orc:2    | Found Esida's General Store.
 12475 | Orc:2    | Bought the +0 mask of the Dragon {Will+ Slay+3 SInv} for
                  | 434 gold pieces
 12475 | Orc:2    | Found the +0 mask of the Dragon {Will+ Slay+3 SInv}
 12497 | Orc:2    | Found Fauff's Jewellery Boutique.
 12771 | D:11     | Noticed Sonja
 12779 | D:11     | Killed Sonja
 12826 | D:11     | Found Acka's Assorted Antiques.
 12829 | D:11     | Bought a pitted ring mail for 297 gold pieces
 12829 | D:11     | Identified the +1 ring mail of Vapatol {rC+ rCorr Slay+3}
                  | (You bought it in a shop on level 11 of the Dungeon)
 12833 | D:11     | Noticed a blizzard demon
 12978 | D:11     | Gained mutation: Your spells are a little harder to cast,
                  | but a little more powerful. [potion of mutation]
 12978 | D:11     | Gained mutation: Your flesh is cold resistant. (rC+)
                  | [potion of mutation]
 13245 | D:11     | Noticed a two-headed ogre
 13250 | D:11     | Killed a two-headed ogre
 13251 | D:11     | Gained mutation: You can use your snake-like lower body to
                  | constrict enemies. [Naga growth]
 13251 | D:11     | Reached XP level 13. HP: 85/114 MP: 11/25
 13666 | D:11     | Upgraded the game from 0.30-a0-760-g5a9884bb7c to
                  | 0.30-a0-779-g7971cf19c3
 13932 | D:11     | Reached skill level 1 in Armour
 14905 | Lair:1   | Entered Level 1 of the Lair of Beasts
 14905 | Lair:1   | Noticed Nergalle
 14911 | Lair:1   | Killed Nergalle
 14938 | Lair:1   | Found a frozen archway.
 15007 | Lair:1   | Reached ****** piety under Makhleb
 15273 | IceCv    | Entered an ice cave
 15663 | Lair:1   | Reached XP level 14. HP: 126/126 MP: 22/26
 16277 | Lair:2   | Found a staircase to the Snake Pit.
 16379 | Lair:2   | Found a staircase to the Shoals.
 16869 | Lair:2   | You fall into a shaft and drop 1 floor!
 17202 | Lair:2   | Learned a level 2 spell: Sublimation of Blood
 17720 | Lair:3   | Reached skill level 5 in Dodging
 18325 | Lair:3   | Noticed Josephine
 18448 | Lair:3   | Killed Josephine
 18914 | Lair:4   | Reached skill level 5 in Armour
 19422 | Lair:4   | Identified the +10 arbalest of Sharkskin {freeze, rPois rN+
                  | MP+9 Dex+5}
 19587 | D:9      | Reached skill level 1 in Ranged Weapons
 19872 | Elf:1    | Entered Level 1 of the Elven Halls
 19886 | Orc:2    | Paralysed by an air elemental for 1 turns
 20140 | Shoals:1 | Entered Level 1 of the Shoals
 20147 | Shoals:1 | Reached XP level 15. HP: 130/136 MP: 19/27
 20532 | Shoals:1 | Found a large runed translucent door.
 20551 | Shoals:1 | Found a large runed translucent door.
 20751 | Shoals:1 | Reached skill level 5 in Ranged Weapons
 20857 | Shoals:1 | Killed from afar by a water nymph

Illustrated notes

Levels and vault maps discovered:
D:1:      dpeg_arrival_more_subterranean_lakeside_camping, layout_basic
D:2:      layout_basic, serial_shops, shop, basic_altar, serial_bayou_pond_d
D:3:      layout_basic
D:4:      layout_basic
D:5:      layout_layer_cave
D:6:      layout_layer_cave, minmay_temple_entry_glass, uniq_pikel
D:7:      layout_loops_corners, serial_glass, glass_columns_c, glass_columns_a,
          uniq_menkaure
D:8:      layout_gridville, uniq_psyche
D:9:      layout_long_grid, enter_bailey_3, grunt_tough_drop, uniq_harold
D:10:     minmay_ornate_pinched, layout_irregular_city, cheibriados_altar_1,
          amcnicky_altar_gilded, mainiacjoe_overflow_tiny_flanked
D:11:     lemuel_castle_with_subvaults [lemuel_castle_interior_original],
          layout_irregular_city, serial_shops, kennysheep_mini_moat, uniq_sonja
Lair:1:   layout_cave_pods, portal_ice_cave_entry_ice_simulacra, uniq_nergalle
Lair:2:   layout_cave_pods, shoals_dummy_entry, dummy_snake_entry,
          grunt_megastairs_2
Lair:3:   layout_roguey, amcnicky_mini_pool_medium, infiniplex_staircase_pool,
          serial_bayou_shore_a, grunt_megastairs_3, uniq_josephine
Lair:4:   nzn_winding_woodlands_stair_trap
          [nzn_winding_woodlands_5x15_lazy_stream,
          nzn_winding_woodlands_5x15_default, nzn_winding_woodlands_5x15_twine,
          nzn_winding_woodlands_15x15_five_gardens,
          nzn_winding_woodlands_5x15_eye, nzn_winding_woodlands_5x15_garden,
          nzn_winding_woodlands_5x15_parted], layout_regular_city,
          nicolae_lair_lil_pond
Shoals:1: layout_shoals, ebering_ghost_disaster_area,
          nicolae_shoals_water_shrine
Orc:1:    layout_diamond_mine, basic_altar, serial_shops, shop_coins
Orc:2:    grunt_orc_gardens, layout_caves, grunt_orc_garden, grunt_orc_garden,
          grunt_orc_garden, grunt_orc_garden, uniq_maurice
Elf:1:    nicolae_elf_arrival_aired_out, layout_onion_city, serial_shops,
          nicolae_shop_trees, nicolae_shop_waterfront,
          nicolae_shop_behind_doors, nicolae_shop_hallway_plus, shop,
          kennysheep_underground_church

Skill      XL: |  1  2  3  4  5  6  7  8  9 10 11 12 13 14 15 |
---------------+----------------------------------------------+-----
Poison Magic   | 5 6 7 8 9 12 | 12.3
Spellcasting   | 3 4 6 7 8 |  8.7
Fighting       | 3 4 5 6 8 9 |  9.4
Conjurations   | 4 6 7 9 |  9.5
Fire Magic     | 4 6 7 9 |  9.6
Necromancy     | 2 4 5 6 8 9 |  9.2
Maces & Flails | 2 4 5 7 8 |  8.7
Dodging        | 4 5 |  5.6
Armour         | 3 5 |  5.2
Stealth        | 4 |  4.9
Ranged Weapons | 3 5 |  5.3
Transmutations | |  1.4

Action                     |  1- 3 |  4- 6 |  7- 9 | 10-12 | 13-15 || total
---------------------------+-------+-------+-------+-------+-------++-------
  Melee: Dagger            |    46 |     5 |     7 |       |       ||    58
         Unarmed           |     5 |       |       |       |       ||     5
         Whip              |       |       |     5 |       |       ||     5
         Demon whip        |       |       |    16 |   165 |   333 ||   514
         Punch             |       |       |     1 |       |    10 ||    11
         Constrict         |       |       |       |       |    70 ||    70
   Fire: Arbalest          |       |       |       |       |    30 ||    30
   Cast: Sting             |    79 |    51 |    65 |       |       ||   195
         Olgreb's Toxic Ra |       |     9 |    28 |   101 |   121 ||   259
         Mephitic Cloud    |       |     2 |     5 |     7 |    14 ||    28
         Ignite Poison     |       |       |     6 |    41 |    20 ||    67
         Sticky Flame      |       |       |     5 |    24 |    45 ||    74
         Blink             |       |       |       |     2 |     3 ||     5
         Momentum Strike   |       |       |       |     1 |     2 ||     3
         Passwall          |       |       |       |       |     2 ||     2
 Invoke: Greater Servant o |       |       |       |     1 |       ||     1
  Evoke: Wand              |       |       |       |     1 |     1 ||     2
    Use: Potion            |     1 |       |     5 |     3 |     1 ||    10
         Scroll            |     3 |       |    11 |     6 |     6 ||    26
   Stab: Sleeping          |       |       |     1 |       |     4 ||     5
         Confused          |       |       |       |     2 |     1 ||     3
 Armour: Robe              |    28 |     3 |    15 |    56 |   133 ||   235
         Troll leather arm |       |       |       |    10 |       ||    10
  Dodge: Dodged            |    45 |    14 |    46 |   124 |   185 ||   414

Table legend: (Time is in decaauts)
 A = Elapsed time spent in this place.
 B = Non-inter-level travel time spent in this place.
 C = Inter-level travel time spent in this place.
 D = Time resting spent in this place.
 E = Time spent auto-exploring this place.
 F = Levels seen in this place.
 G = Mean time per level.
                   A        B        C        D        E       F      G
               +--------+--------+--------+--------+--------+-----+--------+
         Total |  25502 |  23870 |   1632 |   3969 |  15231 |  21 | 1214.4 |
       Dungeon |  15750 |  14964 |    786 |   2252 |  10079 |  11 | 1431.8 |
          Lair |   5658 |   5186 |    472 |    613 |   3460 |   4 | 1414.5 |
        Shoals |    791 |    791 |      0 |    259 |    359 |   1 |  791.0 |
  Orcish Mines |   2577 |   2206 |    371 |    598 |   1184 |   2 | 1288.5 |
   Elven Halls |      9 |      9 |      0 |      0 |      0 |   1 |    9.0 |
        Bailey |    709 |    709 |      0 |    247 |    146 |   1 |  709.0 |
      Ice Cave |      4 |      4 |      0 |      0 |      0 |   1 |    4.0 |
               +--------+--------+--------+--------+--------+-----+--------+

Top non-repeatable levels by time:
    D:11: 2636 daAuts
     D:1: 1881 daAuts
    D:10: 1827 daAuts
  Lair:1: 1731 daAuts
  Lair:3: 1704 daAuts
     D:9: 1691 daAuts
     D:5: 1612 daAuts
  Lair:2: 1595 daAuts
     D:7: 1549 daAuts
   Orc:2: 1464 daAuts
     D:2: 1249 daAuts
   Orc:1: 1113 daAuts
     D:3: 934 daAuts
     D:6: 834 daAuts
     D:4: 801 daAuts
